 Dungeon Crawl Stone Soup version 0.31-a0-1576-ga3383bade6 (webtiles) character file.

Game seed: 3635972183536606749

711 zenocrate the Sneak (level 7, -3/35 HPs)
             Began as a Vine Stalker Enchanter on Jan 4, 2024.
             Was an Initiate of Gozag.
             Slain by an orc
             ... wielding a +0 hand axe
              (5 damage)
             ... on level 5 of the Dungeon.
             The game lasted 00:05:20 (3613 turns).

zenocrate the Sneak (Vine Stalker Enchanter)        Turns: 3613, Time: 00:05:20

Health: -3/35      AC:  3    Str: 11    XL:     7   Next: 68%
Magic:  0/20       EV: 12    Int: 18    God:    Gozag
Gold:   555        SH:  0    Dex: 18    Spells: 2/10 levels left

rFire   . . .        b - +4 dagger of Zin's Envy {pain, rN+ Int+3 Dex+2 Stlth+}
rCold   . . .        (no shield)
rNeg    + . .        q - +0 robe
rPois   .            (no helmet)
rElec   .            m - +0 cloak
rCorr   .            (no gloves)
SInv    .            (no boots)
Will    .....        d - amulet of the acrobat
Stlth   ++++         f - ring of magical power
HPRegen 1.05/turn    (no ring)
MPRegen 0.17/turn

%: acrobat, guardian spirit
@: gold aura, studying Short Blades
A: fangs 2, regeneration 1, magic shield, antimagic bite, no potion heal 2
a: Renounce Religion, Potion Petition, Call Merchant, Bribe Branch


You were on level 5 of the Dungeon.
You worshipped Gozag.
Gozag was pleased with you.
You visited 1 branch of the dungeon, and saw 5 of its levels.

You collected 571 gold pieces.
You paid 16 gold pieces to Gozag.

Inventory:

Hand Weapons
 a - a +1 dagger
 b - the +4 dagger of Zin's Envy (weapon) {pain, rN+ Int+3 Dex+2 Stlth+}
   (You found it on level 3 of the Dungeon)

   Int+3:     It affects your intelligence (+3).
   Dex+2:     It affects your dexterity (+2).
   rN+:       It protects you from negative energy.
   Stlth+:    It makes you more stealthy.
Missiles
 g - 13 poisoned darts (quivered)
Armour
 m - a +0 cloak (worn)
 q - a +0 robe (worn)
Jewellery
 d - an amulet of the acrobat (around neck)
 f - a ring of magical power (left hand)
 l - an amulet of magic regeneration
Wands
 u - a wand of charming (7)
Scrolls
 e - a scroll of blinking
 h - a scroll of silence
 k - 2 scrolls of immolation
 p - a scroll of amnesia {unknown}
 r - a scroll of brand weapon {unknown}
 s - a scroll of poison {unknown}
Potions
 c - 2 potions of invisibility
 i - 2 potions of haste
 j - a potion of magic
 o - a potion of curing
 t - a potion of might


   Skills:
 + Level 2.8 Fighting
 + Level 3.8 Short Blades
 - Level 1.5 Dodging
 + Level 5.8 Stealth
 - Level 2.1 Spellcasting
 + Level 4.5 Hexes
 + Level 1.8 Necromancy
 + Level 3.1 Ice Magic


You had 2 spell levels left.
You knew the following spells:

 Your Spells              Type           Power      Damage    Failure   Level
a - Ensorcelled Hibernat  Hex/Ice        30%        N/A       5%          2
b - Confusing Touch       Hex            18%        N/A       9%          3
c - Tukima's Dance        Hex            18%        N/A       9%          3

Your spell library contained the following spells:

 Spells                   Type           Power      Damage    Failure   Level
 Necrotise                Necr           32%        1d5       9%          1
 Dazzling Flash           Conj/Hex       20%        N/A       21%         3
 Vampiric Draining        Necr           8%         2d6       24%         3
 Martyr's Knell           Necr/Summ      5%         N/A       77%         4
 Curse of Agony           Necr           8%         N/A       92%         5


Dungeon Overview and Level Annotations

Branches:
Dungeon (5/15)
 Temple: D:4-7

Altars:
Cheibriados
Dithmenos
Fedhas
Gozag
Makhleb
Qazlal
Zin

Shops:
D:3 [

Annotations:
D:3 3 runed translucent doors, justen's ghost, amateur HOFi
D:4 rf+++ or apportation for blinking scroll


Innate Abilities, Weirdness & Mutations

You have extremely sharp teeth.
Your natural rate of healing is unusually fast.
When hurt, damage is shared between your health and your magic reserves.
Your bite disrupts and absorbs the magic of your enemies.
Potions cannot restore your health.


Message History

Casting: Ensorcelled Hibernation (safe; 6% risk of failure)
Confirm with . or Enter, or press ? or * to list all spells.
Aiming: Ensorcelled Hibernation (safe; 6% risk of failure)
Press: ? - help, Shift-Dir - straight line, f - centaur
Aim: a centaur (heavily wounded, chance to affect: 49%)
The centaur resists with some effort.
The centaur hits you. The centaur kicks you. The orc barely misses you.
A gnoll comes into view. It is wielding a +0 spear.
The centaur barely misses you.
The centaur kicks you but does no damage.
You hit the centaur.
The centaur is heavily wounded.
The centaur barely misses you. The centaur misses you.
The orc hits you with a +0 hand axe.
* * * LOW HITPOINT WARNING * * *
You are too injured to fight recklessly!
You hit the centaur.
The centaur writhes in agony.
The centaur is severely wounded.
The centaur hits you.
* * * LOW HITPOINT WARNING * * *
The centaur kicks you.
* * * LOW HITPOINT WARNING * * *
You are too injured to fight recklessly!
Unknown command.
You hit the centaur.
You kill the centaur!
The orc closely misses you.
Unknown command.
You closely miss the orc. The orc hits you with a +0 hand axe.
* * * LOW HITPOINT WARNING * * *
Unknown command.
Unknown command.
Unknown command.
Okay, then.
As you read the scroll of butterflies, it crumbles to dust.
You hear the flapping of tiny wings.
The orc is knocked back by the sudden gust.
The orc hits you with a +0 hand axe.
You die...
Your body crumbles into a pile of gold. ##.#### ... .##..###..... .#.... ....... ...bb .bb... ....... .b.b ..b... #...... #b.##g.b... #......## bbbbbbb...

#.......#
#bbbb.b...
........#
#@bbbbb...
#.####obbb....
#.o.#.b##b..#.
##.{o..## #.#
##o#.b.# #
###)..#
#..+###
###.....###
#2#_..._#A#


You could see a gnoll (ally target) and an orc (ally target).

Vanquished Creatures
  A water moccasin (D:4)
  A centaur (D:5)
  A scorpion (D:4)
  A bombardier beetle (D:3)
  An orc priest (D:5)
  3 jellies
  2 iguanas
  Natasha (twice) (D:3)
  3 orc wizards (D:4)
  5 gnolls
  A howler monkey skeleton (D:3)
  5 adders
  A spectral adder (D:3)
  An adder skeleton (D:3)
  2 dart slugs
  12 orcs
  5 ball pythons
  13 endoplasms
  A giant cockroach (D:1)
  9 hobgoblins
  7 quokkas
  A ball python skeleton (D:3)
  6 bats
  2 frilled lizards (D:1)
  9 goblins
  11 kobolds
  A quokka skeleton (D:3)
  8 rats
  A spectral ball python (D:3)
116 creatures vanquished.

Vanquished Creatures (others)
  A dancing weapon (D:5)
  An orc wizard (D:5)
2 creatures vanquished.

Grand Total: 118 creatures vanquished

Notes
Turn   | Place    | Note
-------+----------+-------------------------------------------
     0 | D:1      | zenocrate the Vine Stalker Enchanter began the quest for
                  | the Orb.
     0 | D:1      | Reached XP level 1. HP: 9/9 MP: 4/4
    24 | D:1      | Reached skill level 1 in Short Blades
   134 | D:1      | Reached XP level 2. HP: 13/13 MP: 6/6
   137 | D:1      | Learned a level 2 spell: Ensorcelled Hibernation
   256 | D:1      | Reached skill level 4 in Stealth
   275 | D:1      | Reached XP level 3. HP: 17/17 MP: 7/7
   323 | D:1      | Learned a level 3 spell: Confusing Touch
   997 | D:2      | Reached skill level 1 in Ice Magic
   999 | D:2      | Found a snail-covered altar of Cheibriados.
   999 | D:2      | Found a shadowy altar of Dithmenos.
   999 | D:2      | Found a blossoming altar of Fedhas.
   999 | D:2      | Found an opulent altar of Gozag.
   999 | D:2      | Found a stormy altar of Qazlal.
   999 | D:2      | Found an opulent altar of Gozag.
  1001 | D:2      | Reached skill level 1 in Fighting
  1001 | D:2      | Reached XP level 4. HP: 22/22 MP: 8/8
  1148 | D:2      | Became a worshipper of Gozag Ym Sagoz the Greedy
  1225 | D:2      | Reached XP level 5. HP: 25/25 MP: 9/9
  1901 | D:3      | Found a runed translucent gate.
  1911 | D:3      | Identified the +5 plate armour of Fabulous Mirth {Stlth+}
  2178 | D:3      | Found Xuweshra's Antique Armour Shop.
  2279 | D:3      | Found a runed translucent gate.
  2283 | D:3      | Found a runed translucent gate.
  2329 | D:3      | Noticed justen's ghost (amateur HOFi)
  2356 | D:3      | Reached skill level 5 in Stealth
  2359 | D:3      | Reached XP level 6. HP: 25/30 MP: 4/10
  2464 | D:3      | Noticed Natasha
  2491 | D:3      | Killed Natasha
  2526 | D:3      | Identified the +4 dagger of Zin's Envy {pain, rN+ Int+3
                  | Dex+2 Stlth+}
  2533 | D:3      | Learned a level 3 spell: Tukima's Dance
  2635 | D:3      | Noticed Natasha
  2642 | D:3      | Killed Natasha
  3111 | D:4      | Noticed a water moccasin
  3116 | D:4      | Killed a water moccasin
  3117 | D:4      | Reached skill level 1 in Necromancy
  3123 | D:4      | Reached XP level 7. HP: 35/35 MP: 11/11
  3456 | D:5      | Entered Level 5 of the Dungeon
  3517 | D:5      | Found a burning altar of Makhleb.
  3517 | D:5      | Noticed a green death
  3518 | D:5      | Found a glowing silver altar of Zin.
  3535 | D:5      | Noticed an angel
  3612 | D:5      | HP: 1/35 [orc/+0 hand axe (6)]
  3613 | D:5      | Slain by an orc

Illustrated notes

Levels and vault maps discovered:
D:1:      psy_arrival_terrarium, layout_loops_ring
D:2:      cheibrodos_fertilizer, layout_basic
D:3:      layout_loops_ring, serial_shops, shop, gammafunk_ghost_icy,
          dilly_guarded_unrand_morg
D:4:      layout_basic, lemuel_flame_loot_1
D:5:      layout_cave_pools, grunt_temple_overflow_order_and_chaos_2,
          serial_shops, shop, dreamdust_princess_bridge, dk_noncrumbling_2,
          grunt_decor_clamped

Skill      XL: |  1  2  3  4  5  6  7 |
---------------+----------------------+-----
Short Blades   | 1 2 3 |  3.8
Stealth        | 4 5 |  5.8
Ice Magic      | 1 2 3 |  3.1
Fighting       | 1 2 |  2.8
Hexes          | 4 |  4.5
Necromancy     | 1 |  1.8
Dodging        | |  1.5
Spellcasting   | |  2.1

Action                     |  1- 3 |  4- 6 |  7- 9 || total
---------------------------+-------+-------+-------++-------
  Melee: Dagger            |    84 |   188 |    47 ||   319
         Bite              |    16 |    57 |     8 ||    81
         Punch             |     1 |     2 |     2 ||     5
   Cast: Ensorcelled Hiber |     4 |     9 |     7 ||    20
         Tukima's Dance    |       |       |     1 ||     1
    Use: Scroll            |       |     8 |     2 ||    10
   Stab: Sleeping          |     7 |    20 |     6 ||    33
         Distracted        |       |     1 |     1 ||     2
 Armour: Robe              |    41 |    87 |    28 ||   156
  Dodge: Dodged            |    65 |   107 |    27 ||   199

Table legend: (Time is in decaauts)
 A = Elapsed time spent in this place.
 B = Non-inter-level travel time spent in this place.
 C = Inter-level travel time spent in this place.
 D = Time resting spent in this place.
 E = Time spent auto-exploring this place.
 F = Levels seen in this place.
 G = Mean time per level.
                   A        B        C        D        E       F      G
               +--------+--------+--------+--------+--------+-----+--------+
         Total |   3576 |   3426 |    150 |      0 |   2543 |   5 |  715.2 |
       Dungeon |   3576 |   3426 |    150 |      0 |   2543 |   5 |  715.2 |
               +--------+--------+--------+--------+--------+-----+--------+

Top non-repeatable levels by time:
     D:2: 1060 daAuts
     D:3: 862 daAuts
     D:1: 823 daAuts
     D:4: 679 daAuts
     D:5: 150 daAuts
